 Dungeon Crawl Stone Soup version 0.22-a0-803-gd6d8abe (webtiles) character file.

64 iamserjio the Chiller (level 3, 0/19 HPs)
             Began as a Deep Elf Ice Elementalist on July 22, 2018.
             Succumbed to a kobold's poison
             ... on level 3 of the Dungeon.
             The game lasted 00:04:50 (774 turns).

iamserjio the Chiller (Deep Elf Ice Elementalist)    Turns: 774, Time: 00:04:50

Health: 0/19       AC:  2    Str:  5    XL:     3   Next: 91%
Magic:  6/10       EV: 13    Int: 20    God:
Gold:   57         SH:  0    Dex: 15    Spells: 9/10 levels left

rFire    . . .     SeeInvis .   e - -1 short sword (curse)
rCold    . . .     Gourm    .   (no shield)
rNeg     . . .     Faith    .   a - +0 robe
rPois    .         Spirit   .   (no helmet)
rElec    .         Reflect  .   (no cloak)
rCorr    .         Harm     .   (no gloves)
MR       .....                  (no boots)
Stlth    ++........             (no amulet)
HPRegen  0.06/turn              (no ring)
MPRegen  0.12/turn              (no ring)

@: lethally poisoned (0 -> -18), flying
A: no striking features
a: no special abilities


You were on level 3 of the Dungeon.
You were not hungry.

You visited 1 branch of the dungeon, and saw 3 of its levels.

You collected 57 gold pieces.

Inventory:

Hand Weapons
 e - a cursed -1 short sword (weapon)
 g - a +0 short sword
 i - a +0 spear
 k - a +0 hunting sling
 o - a +0 falchion
Missiles
 j - 15 poisoned needles
 m - 40 stones (quivered)
 q - 41 arrows
Armour
 a - a +0 robe (worn)
Jewellery
 r - a +3 ring of slaying {unknown}
 s - an uncursed amulet of harm {unknown}
Wands
 l - a wand of digging (16)
Scrolls
 d - 3 scrolls of teleportation {unknown}
 f - a scroll of amnesia {unknown}
 h - a scroll of identify {unknown}
 n - 4 scrolls of enchant armour {unknown}
Potions
 p - a potion of curing {unknown}
Comestibles
 c - 5 rations
 t - a chunk of flesh


   Skills:
 - Level 2.4 Dodging
 - Level 2.4 Stealth
 + Level 4.1 Spellcasting
   Level 1.1 Conjurations
 * Level 4.8 Ice Magic


You had 9 spell levels left.
You knew the following spells:

 Your Spells              Type           Power        Failure   Level  Hunger
a - Freeze                Ice            ###.         1%          1    None

Your spell library contained the following spells:

 Spells                   Type           Power        Failure   Level  Hunger
 Throw Frost              Conj/Ice       ###...       6%          2    #......
 Summon Ice Beast         Ice/Summ       ##......     43%         4    ####...
 Ozocubu's Armour         Chrm/Ice       ##......     14%         3    ###....
 Throw Icicle             Conj/Ice       ###.....     36%         4    ####...


Dungeon Overview and Level Annotations

Branches:
Dungeon (3/15)

Altars:

Annotations:
D:2 Natasha


Message History

Aim: a leopard gecko (clinging)
You freeze the leopard gecko.
You kill the leopard gecko!
You feel sick.
The kobold shoots a poisoned needle.
The poisoned needle hits you!
You are lethally poisoned!
You feel sick.
Casting: Freeze (safe; 1% risk of failure)
Confirm with . or Enter, or press ? or * to list all spells.
Aiming: Freeze (safe; 1% risk of failure)
Press: ? - help, Shift-Dir - straight line, f - kobold
Aim: a kobold, wielding a blowgun You freeze the kobold.
You kill the kobold!
You feel sick. The orc hits you with a flail!
* * * LOW HITPOINT WARNING * * *
It was a potion of flight.
You feel very buoyant.
You fly up into the air.
You die...

##.. ######.# ....
#...##.# ###...
#.#.#.....<# .....
#.#.#...####
####...# #.#.##.##
........###.#.##.#
###.?....#.>..##.#
o......#o.....##.#
#..o.)@#...###.#
##.##..((......#
.....r?....######
###.##.##### # #.#
..# ...# ####


You could see 2 orcs and a rat.

Vanquished Creatures
  An adder (D:2)
  An ooze (D:1)
  3 worms (D:2)
  2 dart slugs
  4 leopard geckos
  A giant cockroach (D:1)
  A goblin (D:2)
  4 hobgoblins
  7 kobolds
  A ball python (D:1)
  2 bats
  3 frilled lizards
  7 rats
37 creatures vanquished.

Notes
Turn   | Place    | Note
-------+----------+-------------------------------------------
     0 | D:1      | iamserjio the Deep Elf Ice Elementalist began the quest for the Orb.
     0 | D:1      | Reached XP level 1. HP: 10/10 MP: 6/6
    58 | D:1      | Reached XP level 2. HP: 15/15 MP: 0/8
   508 | D:2      | Reached XP level 3. HP: 14/19 MP: 7/10
   689 | D:2      | Noticed Natasha
   774 | D:3      | Succumbed to a kobold's poison

Vault maps used:
D:1:      dpeg_arrival_round_c
D:2:      first_ration, minmay_tetromino_l2, uniq_natasha
D:3:      cheibriados_altar_1, uniq_ijyb

Skill      XL: |  1  2  3 |
---------------+----------+-----
Ice Magic      | 4 |  4.8
Spellcasting   | 4 |  4.1
Dodging        | |  2.4
Stealth        | |  2.4
Conjurations   | |  1.1

Action                   || total
-------------------------++-------
Melee: Unarmed           ||     4
       Short sword       ||    18
 Cast: Freeze            ||    55
  Use: Potion            ||     1
Armor: Robe              ||     5
Dodge: Dodged            ||    53

Table legend:
 A = Spawn XP
 B = Non-spawn XP
 C = Spawn XP percentage of total XP
 D = Spawn monster count
 E = Non-spawn monster count
 F = Spawn count percentage of total count
 G = Total turns spent on level
                    A         B        C        D         E        F      G
               +---------+---------+-------+---------+---------+-------+---------
         Total |       0 |      92 |   0.0 |       0 |      37 |   0.0 |   774
               +---------+---------+-------+---------+---------+-------+---------
           D:1 |       0 |      34 |   0.0 |       0 |      16 |   0.0 |   317
           D:2 |       0 |      51 |   0.0 |       0 |      18 |   0.0 |   433
           D:3 |       0 |       7 |   0.0 |       0 |       3 |   0.0 |    24
               +---------+---------+-------+---------+---------+-------+---------
